 Dungeon Crawl Stone Soup version 0.31-a0-675-g238779eb0a (webtiles) character file.

Game seed: 2721427380344901293

15 Xavori the Cutter (level 2, 23/23 HPs)
             Began as an Octopode Chaos Knight on Sept 5, 2023.
             Was a Plaything of Xom.
             Quit the game on level 2 of the Dungeon.
             The game lasted 00:01:16 (11006 turns).

Xavori the Cutter (Octopode Chaos Knight)          Turns: 11006, Time: 00:01:16

Health: 23/23      AC:  1    Str:  8 (10) XL:     2   Next: 50%
Magic:  2/2        EV: 13    Int: 13      God:    Xom [.*....]
Gold:   202        SH:  0    Dex: 15      Spells: 1/1 levels left

rFire   . . .        a - +0 short sword (drain)
rCold   . . .        (no shield)
rNeg    . . .        (helmet restricted)
rPois   .            (no amulet)
rElec   .            (no ring)
rCorr   .            (no ring)
SInv    .            (no ring)
Will    .....        (no ring)
Stlth   +++          (no ring)
HPRegen 0.23/turn    (no ring)
MPRegen 0.08/turn    (no ring)
                     (no ring)

%: no passive effects
@: bezotted
A: almost no armour, amphibious, 8 rings, camouflage 1, gelatinous body 1,
(nimble swimmer 1), tentacles, agile 1, robust 1, teleportitis 1, inability to
read after injury 1
a: Renounce Religion


You were on level 2 of the Dungeon.
You worshipped Xom.
You were a plaything of Xom.
You visited 1 branch of the dungeon, and saw 2 of its levels.

You collected 202 gold pieces.

Inventory:

Hand Weapons
 a - a +0 short sword of draining (weapon)
Jewellery
 e - a ring of poison resistance
Wands
 f - a wand of charming (3)
Scrolls
 b - a scroll of butterflies
 c - a scroll of fog {unknown}
 d - 2 scrolls of identify {unknown}


   Skills:
 + Level 3.2 Fighting
 + Level 3.3 Short Blades
 + Level 2.5 Dodging
 + Level 1.0 Stealth


You had one spell level left.
You didn't know any spells.
Your spell library was empty.

Dungeon Overview and Level Annotations

Branches:
Dungeon (2/15) Zot: 996

Altars:
Xom
The Shining One


Innate Abilities, Weirdness & Mutations

You cannot wear most types of armour.
You are amphibious.
You can wear up to eight rings at the same time.
Your skin changes colour to match your surroundings (Stealth+).
Your rubbery body absorbs attacks. (AC +1, EV +1)
((You are camouflaged when in or above water. (Stealth+)))
You have tentacles for arms and can constrict up to eight enemies at once.
You are agile. (Dex +4, Str/Int -1)
You are robust. (+10% HP)
You are occasionally teleported next to monsters.
You occasionally lose the ability to read scrolls when taking damage.


Message History

Done waiting.
You start waiting.
Done waiting.
You start waiting.
Done waiting.
You start waiting.
Done waiting.
You start waiting.
Done waiting.
You start waiting.
Done waiting.
You start waiting.
Done waiting.
You start waiting.
Done waiting.
You start waiting. "Go forth and redecorate, my child!"
You start waiting.
Your trail of clouds dissipates.
You start waiting.
You almost hear Xom's maniacal laughter.
Your wand of charming (3) falls out of your pack, then immediately jumps back in!
You are now a plaything of Xom.
You start waiting.
Done waiting.
You start waiting.
Done waiting.
You start waiting.
Done waiting.
You start waiting.
Done waiting.
You start waiting.
Done waiting.
You start waiting.
Done waiting.
You start waiting.
You have lingered too long.
Zot senses you.
Dive deeper or flee this branch before you suffer!
You climb downwards.
There is a stone staircase leading up here.
Are you sure you want to abandon this character and quit the game? (Confirm with "yes".)

.. .. ##.###.
.......
.......
#.._...
.......
#......####
.<.....@..#
............#
.#..##.##.###
#. #. ... ##
##. #


There were no monsters in sight!

Vanquished Creatures
  3 endoplasms
  2 goblins (D:1)
  2 hobgoblins (D:1)
  A kobold (D:1)
  A quokka (D:1)
  A bat (D:1)
  3 rats (D:1)
13 creatures vanquished.

Notes
Turn   | Place    | Note
-------+----------+-------------------------------------------
     0 | D:1      | Xavori the Octopode Chaos Knight began the quest for the
                  | Orb.
     0 | D:1      | Reached XP level 1. HP: 16/16 MP: 1/1
   336 | D:1      | Reached XP level 2. HP: 21/21 MP: 2/2
   567 | D:1      | XOM: divination: magic mapping
   734 | D:2      | Found a glowing golden altar of the Shining One.
   740 | D:2      | Reached skill level 1 in Stealth
  1786 | D:1      | XOM: god gift: 37 gold pieces
  2006 | D:1      | XOM: god gift: 65 gold pieces
  2109 | D:1      | XOM: god gift: +1 heavy mace
  2367 | D:1      | XOM is BORED!
  2367 | D:1      | XOM: stat loss: -2 Str (9/11)
  2919 | D:1      | XOM: god gift: scroll labelled MADUTE FAGYO {god gift}
  3125 | D:1      | XOM: give mutation
  3125 | D:1      | Gained mutation: You are robust. (+10% HP) [Xom's mischief]
  3451 | D:1      | XOM: cloud trail
  3790 | D:1      | XOM: god gift: 27 gold pieces
  4851 | D:1      | XOM: god gift: sapphire potion {god gift}
  4985 | D:1      | XOM: give mutation
  4985 | D:1      | Gained mutation: You are agile. (Dex +4, Str/Int -1) [Xom's
                  | mischief]
  5114 | D:1      | XOM: give mutation
  5114 | D:1      | Gained mutation: Your system is resistant to poisons.
                  | (rPois) [Xom's grace]
  5142 | D:1      | XOM: scenery: create altars
  5180 | D:1      | XOM is BORED!
  6066 | D:1      | XOM: give mutations
  6066 | D:1      | Gained mutation: You are occasionally teleported next to
                  | monsters. [Xom's mischief]
  6066 | D:1      | Lost mutation: Your system is resistant to poisons. (rPois)
                  | [Xom's mischief]
  6066 | D:1      | Gained mutation: You occasionally lose the ability to read
                  | scrolls when taking damage. [Xom's mischief]
  6511 | D:1      | XOM: god gift: shiny fluorescent wand {god gift}
  7286 | D:1      | XOM: cloud trail
  7391 | D:1      | XOM: god gift: scroll labelled DIGODD UREDA {god gift}
  7952 | D:1      | XOM: silly message
  8039 | D:1      | XOM: silly message
  8092 | D:1      | XOM: divination: detect creatures
  8162 | D:1      | XOM: silly message
  8768 | D:1      | XOM: silly message
  9169 | D:1      | XOM: silly message
 10225 | D:1      | XOM: cloud trail
 10326 | D:1      | XOM: silly message
 11003 | D:1      | Glimpsed the power of Zot.
 11006 | D:2      | Quit the game

Illustrated notes

Levels and vault maps discovered:
D:1:      roderic_crop_circles_arrival_small, layout_loops_cross,
          amcnicky_mini_corridor_feature
D:2:      layout_loops_ring, basic_altar, chequers_serial_rivers_micro_c,
          minmay_misc_feat_tiny

Skill      XL: |  1  2 |
---------------+-------+-----
Stealth        | 1 |  1.0
Fighting       | |  3.2
Short Blades   | |  3.3
Dodging        | |  2.5

Action                     || total
---------------------------++-------
  Melee: Short sword       ||    26
         Constrict         ||     5
         Tentacles         ||     2
         Punch             ||     1
    Use: Scroll            ||     2
         Potion            ||     1
   Stab: Sleeping          ||     6
 Armour: Skin              ||     8
  Dodge: Dodged            ||     9

Table legend: (Time is in decaauts)
 A = Elapsed time spent in this place.
 B = Non-inter-level travel time spent in this place.
 C = Inter-level travel time spent in this place.
 D = Time resting spent in this place.
 E = Time spent auto-exploring this place.
 F = Levels seen in this place.
 G = Mean time per level.
                   A        B        C        D        E       F      G
               +--------+--------+--------+--------+--------+-----+--------+
         Total |  11003 |  10973 |     30 |  10238 |    602 |   2 | 5501.5 |
       Dungeon |  11003 |  10973 |     30 |  10238 |    602 |   2 | 5501.5 |
               +--------+--------+--------+--------+--------+-----+--------+

Top non-repeatable levels by time:
     D:1: 10997 daAuts
     D:2: 6 daAuts
